Unix NetHack Version 5.0.0-0 post-release - last build May 31 2026 23:59:36 (970b52f25bf058293b47ddfd14a1e40e571c508c,branch:main).

Game began 2026-06-01 05:52:44, ended 2026-06-01 05:59:23.

FutureTim, lawful female human Valkyrie

  -----
  |....
  |...|
  |...| ## #
  |..$.##  ###       .
  -.--- #### ###0   #           #        #
   ###     #    ##########################
     ####           #          )         #
        ##    ##    ##         #         #
         #     #d@e##          #         #
         ##         .          #         #
 ---------|--       $.         #        ##    ---
 |..........|      ...|        #--------### ....-
 |<.........|      ...|        #-...{..|#       |
 |..........|      ...|         |......|#
 ------------     -----         |.......#
                                --------#

FutureTim the Skirmisher    St:17 Dx:13 Co:18 In:7 Wi:10 Ch:11  Lawful
Dlvl:4  $:59 HP:0(31) Pw:8(8) AC:6  Xp:3 T:1351  Hungry  

Latest messages:
 The kitten bites the jackal.
 The jackal misses the kitten.
 You hit the jackal.
 The jackal bites!
 The kitten misses the jackal.
 You miss the jackal.
 The jackal misses!
 The kitten misses the jackal.
 The kitten bites the jackal.
 The jackal is killed!
 You see here a banana.
 There is a banana here; eat it? [ynq] (n) y
 Blecch!  Rotten food!
 The door opens.
 You kill the gnome!
 Welcome to experience level 3.
 You feel stealthy!
 l - a long sword.
 m - a scroll labeled PRATYAVAYAH.
 #ae: unknown extended command.
 What do you want to adjust? [a-dfh-m or ?*] l
 Adjust letter to what [egln-zA-Z] (? see used letters)? w
 Moving: w - a long sword.
 What do you want to wield? [- abkw or ?*] w
 w - a long sword (weapon in right hand).
 You hit the floating eye.
 You miss the floating eye.
 You are frozen by the floating eye's gaze!
 It misses the floating eye.
 You can move again.
 You hit the floating eye.
 You are frozen by the floating eye's gaze!
 You are beginning to feel hungry.
 It misses the floating eye.
 You hear the chime of a cash register.
 The coyote bites!
 The coyote bites!
 The coyote bites!
 The coyote bites!
 The coyote bites!
 The coyote bites!
 The coyote bites!
 The coyote bites!
 The coyote bites!
 The coyote bites!
 The coyote bites!
 The coyote bites!
 You die...
 Do you want your possessions identified? [ynq] (y) y
 Do you want to see your attributes? [ynq] (y) q

Inventory:
 Coins    ('$')
  $ - 59 gold pieces
 Weapons  (')')
  b - a +0 dagger (alternate weapon; not wielded)
  a - a corroded +1 spear
  k - a cursed +0 battle-axe
  w - a +1 long sword (weapon in right hand)
 Armor    ('[')
  c - a blessed +3 small shield (being worn)
 Comestibles  ('%')
  d - 3 uncursed food rations
  f - an uncursed tripe ration
 Scrolls  ('?')
  m - an uncursed scroll of enchant armor
 Spellbooks  ('+')
  i - an uncursed spellbook of levitation
 Rings    ('=')
  j - an uncursed ring of cold resistance
  h - a cursed ring of teleportation

FutureTim the Valkyrie's attributes:

Background:
 You were a Skirmisher, a level 3 human Valkyrie.
 You were lawful, nominally on a mission for Tyr
 who was opposed by Odin (neutral) and Loki (chaotic).
 You were right-handed.
 You were in the Dungeons of Doom, on level 4.
 You entered the dungeon 1351 turns ago.
 It was nighttime.
 There was a full moon in effect when your adventure ended.
 You had 41 experience points, 39 more were needed to attain level 4.

Basics:
 You had 0 out of 31 hit points.
 You had all 8 energy points (spell power).
 Your armor class was 6.
 Your wallet contained 59 zorkmids.
 Autopickup was off.

Final Characteristics:
 Your strength was 17 (limit:18/100).
 Your dexterity was 13 (limit:18).
 Your constitution was 18 (limit:18).
 Your intelligence was 7 (limit:18).
 Your wisdom was 10 (limit:18).
 Your charisma was 11 (limit:18).

Final Status:
 You were hungry.
 You were unencumbered.
 You were wielding a long sword.
 You were unskilled in long sword.

Final Attributes:
 You were devoutly aligned.
 You were cold resistant.
 You were stealthy.
 You were lucky.
 You are dead.

Miscellaneous:
 You didn't encounter any bones levels.
 Total elapsed playing time was 6 minutes and 38 seconds.

Major events:
 Turn
    1: FutureTim the lawful human Valkyrie entered the dungeon
 1068: attained the rank of Skirmisher (level 3)
 1351: killed by a coyote, while frozen by a floating eye's gaze

Spells:
 Name                 Level Category     Fail Retention
 levitation             4   escape       100%  76%-100%

Skills:
 Fighting Skills
   bare handed combat [Unskilled]
   two weapon combat  [Unskilled]
   riding             [Unskilled]
 Weapon Skills
   dagger             [Basic]
   axe                [Unskilled]
   pick-axe           [Unskilled]
   short sword        [Unskilled]
   broadsword         [Unskilled]
   long sword         [Unskilled]
   two-handed sword   [Unskilled]
   saber              [Unskilled]
   hammer             [Unskilled]
   quarterstaff       [Unskilled]
   polearms           [Unskilled]
   spear              [Basic]
   trident            [Unskilled]
   lance              [Unskilled]
   sling              [Unskilled]
 Spellcasting Skills
   attack spells      [Unskilled]
   escape spells      [Unskilled]

Voluntary challenges:
 Character rerolling was not enabled.
 You were an atheist.
 You never genocided any monsters.
 You never polymorphed an object.
 You never changed form.
 You used no wishes.
Achievement:
 You attained the rank of Skirmisher.

 The Dungeons of Doom: levels 1 to 4
    Level 1:
       A fountain.
    Level 2:
    Level 3:
    Level 4: <- You were here.
       A fountain.
       Final resting place for
          you, killed by a coyote, while frozen by a floating eye's gaze.


Vanquished creatures:
  a hobbit
  a large kobold
  a green mold
  a gnome
  2 geckos
  4 jackals
  a grid bug
  a bat
  2 lichens
  a kobold zombie
  a newt
16 creatures vanquished.

No species were genocided or became extinct.

Game over:
                       ----------
                      /          \
                     /    REST    \
                    /      IN      \
                   /     PEACE      \
                  /                  \
                  |    FutureTim     |
                  |      59 Au       |
                  |   killed by a    |
                  |      coyote      |
                  |                  |
                  |                  |
                  |       2026       |
                 *|     *  *  *      | *
        _________)/\\_//(\/(/\)/\//\/|_)_______

Farvel FutureTim the Valkyrie...

You died in The Dungeons of Doom on dungeon level 4 with 378 points,
and 59 pieces of gold, after 1351 moves.
You were level 3 with a maximum of 31 hit points when you died.

